 Dungeon Crawl Stone Soup version 0.26.1-2-gb8aa6d0cf2 (webtiles) character file.

Game seed: 7269724545498797123

287802 sizableburger the Imperceptible (level 20, -13/182 (183) HPs)
             Began as a Naga Ice Elementalist on Mar 13, 2021.
             Was the Champion of Kikubaaqudgha.
             Killed from afar by a lich (66 damage)
             ... with an iron shot
             ... on level 4 of the Vaults on Mar 14, 2021.
             The game lasted 05:08:50 (68989 turns).

sizableburger the Imperceptible (NaIE)             Turns: 68989, Time: 05:08:51

HP:   -13/182 (183) AC: 28    Str: 10    XL:     20   Next: 67%
MP:   2/33          EV: 11    Int: 39    God:    Kikubaaqudgha [******]
Gold: 3010          SH: 13    Dex: 17    Spells: 5/38 levels left

rFire    . . .     SeeInvis +   t - +9 quick blade (pain)
rCold    . . .     Faith    .   x - +2 kite shield
rNeg     + . .     Spirit   .   b - +5 swamp dragon scales
rPois    +         Reflect  .   T - +2 helmet "Jadet" {Will++ Int+3 Dex+4}
rElec    .         Harm     .   Y - +2 cloak {Will+}
rCorr    .         Rampage  .   Q - +1 pair of gloves "Heptoite" {Int+5}
Will     +++++                  q - +3 barding "Miecveb" {rN+ Str-3 Int+4}
Stlth    +++++++...             R - amulet of regeneration
HPRegen  0.80/turn              W - +6 ring of intelligence
MPRegen  0.23/turn              M - ring of wizardry

@: about to teleport, corroded, lightly drained, very slow
A: large, see invisible, deformed body, poison resistance, slowness 2, spit
poison 1, constrict 1, AC +6
}: 2/15 runes: decaying, serpentine
a: Spit Poison, Renounce Religion, Receive Corpses, Torment


You were on level 4 of the Vaults.
You worshipped Kikubaaqudgha.
Kikubaaqudgha was exalted by your worship.
You visited 7 branches of the dungeon, and saw 36 of its levels.
You also visited: Sewer.

You collected 5523 gold pieces.
You spent 2513 gold pieces at shops.

Inventory:

Hand Weapons
 t - a +9 quick blade of pain (weapon)
 J - a +5 short sword of freezing
Missiles
 p - 13 throwing nets
 y - 180 bolts
Armour
 b - +5 swamp dragon scales (worn)
 q - the +3 barding "Miecveb" (worn) {rN+ Str-3 Int+4}
   (You acquired it on level 10 of the Dungeon)

   It affects your strength (-3).
   It affects your intelligence (+4).
   It protects you from negative energy.
 x - a +2 kite shield (worn)
 Q - the +1 pair of gloves "Heptoite" (worn) {Int+5}
   (You acquired it on level 10 of the Dungeon)

   It affects your intelligence (+5).
 T - the +2 helmet "Jadet" (worn) {Will++ Int+3 Dex+4}
   (You found it on level 2 of the Snake Pit)

   It affects your intelligence (+3).
   It affects your dexterity (+4).
   It affects your willpower, your defense against some magical effects.
 Y - a +2 cloak of willpower (worn)
Magical Staves
 h - an uncursed staff of cold
Jewellery
 u - an uncursed ring of fire
 C - an uncursed ring of willpower
 M - a ring of wizardry (right hand)
 R - an amulet of regeneration (around neck)
 W - a +6 ring of intelligence (left hand)
Wands
 c - a wand of digging (3)
 i - a wand of iceblast (14)
 w - a wand of acid (7)
 B - a wand of random effects (68)
 H - a wand of enslavement (24)
 I - a wand of disintegration (31)
 L - a wand of flame (100)
 O - a wand of paralysis (22)
 X - a wand of polymorph (8)
Scrolls
 a - 9 scrolls of identify
 e - 3 scrolls of amnesia
 g - 20 scrolls of remove curse
 k - 9 scrolls of teleportation
 n - 8 scrolls of fear
 r - 4 scrolls of enchant weapon
 z - a scroll of summoning {unknown}
 F - 4 scrolls of fog
 K - a scroll of torment
 Z - 5 scrolls of vulnerability
Potions
 d - 4 potions of resistance
 f - 4 potions of mutation
 j - 5 potions of haste
 l - 9 potions of curing
 m - 11 potions of brilliance
 o - 8 potions of might
 v - 10 potions of flight
 G - 4 potions of attraction
 N - 3 potions of magic
 S - a potion of ambrosia
 U - 5 potions of invisibility
Miscellaneous
 s - a box of beasts
 D - a lightning rod (4/4)
 P - a tin of tremorstones (2/2)


   Skills:
 - Level 12.1 Fighting
 - Level 11.2 Short Blades
 - Level 7.7 Staves
 + Level 10.3 Armour
 - Level 8.6 Dodging
 - Level 21.2 Stealth
 - Level 9.0 Shields
 + Level 9.8 Spellcasting
 - Level 8.0 Hexes
 - Level 8.2 Summonings
 - Level 14.0 Necromancy
 - Level 9.2 Ice Magic
 + Level 10.9 Evocations


You had 5 spell levels left.
You knew the following spells:

 Your Spells              Type           Power        Failure   Level
a - Dispel Undead         Necr           91%          1%          4
b - Frozen Ramparts       Ice            100%         1%          3
c - Ozocubu's Armour      Ice            75%          1%          3
d - Summon Ice Beast      Ice/Summ       73%          1%          4
e - Simulacrum            Ice/Necr       41%          2%          6
f - Cause Fear            Hex            35%          1%          4
g - Ensorcelled Hibernat  Hex/Ice        100%         1%          2
h - Summon Mana Viper     Hex/Summ       70%          1%          5
i - Sublimation of Blood  Necr           45%          0%          2

Your spell library contained the following spells:

 Spells                   Type           Power        Failure   Level
 Pain                     Necr           100%         0%          1
 Corona                   Hex            77%          1%          1
 Freeze                   Ice            100%         1%          1
 Sandblast                Erth           38%          1%          1
 Corpse Rot               Necr/Air       N/A          1%          2
 Slow                     Hex            70%          1%          2
 Confusing Touch          Hex            70%          1%          3
 Dazzling Flash           Conj/Hex       100%         1%          3
 Inner Flame              Hex/Fire       50%          1%          3
 Portal Projectile        Hex/Tloc       100%         1%          3
 Tukima's Dance           Hex            70%          1%          3
 Vampiric Draining        Necr           45%          1%          3
 Animate Dead             Necr           45%          1%          4
 Excruciating Wounds      Necr           45%          1%          5
 Summon Demon             Summ           35%          1%          5
 Passwall                 Tmut/Erth      15%          2%          2
 Poisonous Vapours        Pois/Air       38%          2%          2
 Hailstorm                Conj/Ice       53%          2%          4
 Borgnjor's Vile Clutch   Necr/Erth      32%          2%          5
 Leda's Liquefaction      Hex/Erth       25%          3%          4
 Summon Lightning Spire   Summ/Air       51%          3%          4
 Conjure Flame            Conj/Fire      19%          4%          3
 Mephitic Cloud           Conj/Pois/Air  19%          4%          3
 Silence                  Hex/Air        25%          9%          5
 Summon Forest            Summ/Tloc      25%          9%          5
 Bolt of Magma            Conj/Fire/Erth 9%           41%         5
 Iskenderun's Battlesphe  Conj           19%          41%         5
 Death Channel            Necr           45%          1%          6
 Shadow Creatures         Summ           N/A          9%          6
 Summon Hydra             Summ           35%          41%         7
 Freezing Cloud           Conj/Ice/Air   21%          54%         6
 Conjure Ball Lightning   Conj/Air       9%           91%         6
 Iron Shot                Conj/Erth      9%           91%         6
 Statue Form              Tmut/Erth      12%          91%         6
 Spellforged Servitor     Conj/Summ      25%          91%         7
 Orb of Destruction       Conj           9%           100%        7
 Tornado                  Air            9%           100%        9


Dungeon Overview and Level Annotations

Branches:
Dungeon (15/15)            Temple (0/1) D:6            Lair (6/6) D:10
  Swamp (4/4) Lair:2        Snake (4/4) Lair:2        Slime (0/5) Lair:5
    Orc (2/2) D:9             Elf (1/3) Orc:2        Vaults (4/5) D:14
  Crypt (0/3) Vaults:2     Depths (0/5) D:15          Sewer (visited)

Altars:
Ashenzari
Cheibriados
Dithmenos
Fedhas
Gozag
Kikubaaqudgha
Makhleb
Nemelex Xobeh
Qazlal
Ru
Sif Muna
Uskayaw
Vehumet
Wu Jian
Yredelemnul
Zin
Beogh

Shops:
D:7 ([   Orc:2 ((?:[   Elf:1 ?

Annotations:
D:9 2 transporters, deafmute's ghost, novice DEFE
Swamp:4 Mara
Snake:3 1 runed translucent door, jlumianski's ghost, adept PaFi


Innate Abilities, Weirdness & Mutations

You cannot wear boots.
Your serpentine skin is tough. (AC +6)
You have supernaturally acute eyesight. (SInv)
Armour fits poorly on your strangely shaped body.
Your system is resistant to poisons. (rPois)
You cover ground very slowly.
You can spit poison.
You can use your snake-like lower body to constrict enemies.


Message History

The entropy weaver hits you but does no damage.
You block the ironheart preserver's attack.
Your yaktaur simulacrum hits the entropy weaver!
Your yaktaur simulacrum freezes the entropy weaver!
The entropy weaver dies!
Kikubaaqudgha accepts your kill.
Your yaktaur simulacrum hits the ironheart preserver!
Your yaktaur simulacrum freezes the ironheart preserver!
An ogre comes into view. It is wielding a +0 giant club.
Your yaktaur simulacrum hits the ironheart preserver!
Your yaktaur simulacrum freezes the ironheart preserver!
The lich touches you but does no damage.
Aiming: Disintegrate
Press: ? - help, Shift-Dir - straight line, f - ironheart preserver
Aim: an ironheart preserver, wielding a +0 mace and wearing a +0 ring mail (severely wounded, chance to affect: 81%)
The ironheart preserver is blasted!
The lich casts a spell at you. The iron shot hits you!!!
You die...
Kikubaaqudgha rasps: "You have failed me!
Welcome... death!"

#.## #..######
#.. #.# #..#
#...#.## #..#
#...#..###..#
#...#...##..#
#...######..#
#.(.........##..
#.....†.....'..#
#...ZZ@Z....#..#
#....ZpL)...'..#
#......Z.Z.c##..#
#.....$.....#
#..#
#...........# #..
#.p...O....$#
#...........#
#Op.........#
#...........


You could see an ironheart preserver, a lich (invisible), a vault sentinel
(fleeing), an ironbrand convoker (fleeing), a yaktaur (fleeing), 2 ogres and 6
friendly yaktaur simulacra.

Vanquished Creatures
  Bai Suzhen (Snake:4)
  A tentacled monstrosity (Swamp:2)
  A sphinx (Vaults:3)
  An ancient champion (Vaults:2)
  The ghost of Seits the Bludgeoner, an adept MiFi of the Shining One (Snake:2)
  4 fenstrider witches (Swamp:4)
  A frost giant (Vaults:3)
  6 nagarajas
  A deep elf sorcerer (Vaults:2)
  Louise (Swamp:4)
  An orc warlord (Orc:1)
  5 vault wardens
  5 ironheart preservers
  A curse skull (Vaults:2)
  A reaper (Swamp:4)
  4 stone giants
  3 bunyips (Swamp:4)
  4 eleionomae
  An eidolon (Vaults:2)
  2 deep elf death magi
  An ettin (Vaults:3)
  A blizzard demon (Swamp:4)
  5 yaktaur captains
  Fannar (Lair:2)
  2 ice dragons (Vaults:1)
  4 rakshasas (Vaults:3)
  3 vault guards (Vaults:3)
  3 boulder beetles
  6 naga warriors
  8 centaur warriors
  2 ghost crabs
  18 hydras
  9 anacondas
  25 two-headed ogres
  Harold (Lair:1)
  11 alligators
  7 ogre magi
  A queen ant (D:12)
  Urug (Lair:6)
  The ghost of Xaxe the Magician, a novice GnWr of Dithmenos (Lair:1)
  2 tengu warriors
  A vampire mage (Vaults:2)
  A shock serpent (shapeshifter) (D:14)
  8 naga sharpshooters
  4 shock serpents
  A storm dragon zombie (Vaults:2)
  The ghost of Kryptos the Grappler, a novice TrFi (D:8)
  10 deep elf knights
  A sixfirhy (Swamp:4)
  2 shadow wraiths
  2 salamander mystics
  4 spriggan druids
  A sea snake (Snake:2)
  A deep troll (Vaults:1)
  A goliath frog (Swamp:4)
  A glowing orange brain (Vaults:3)
  2 flayed ghosts
  2 wizards
  6 deep elf archers
  3 swamp dragons
  2 naga ritualists
  7 harpies
  7 ironbrand convokers
  A phantasmal warrior (Vaults:3)
  3 wolf spiders
  4 salamanders
  4 orc sorcerers
  21 deep elf magi
  2 will-o-the-wisps
  2 mana vipers
  A necromancer (Vaults:2)
  9 orc knights
  20 ugly things
  4 cyclopes
  5 centaur zombies
  A moth of wrath (D:15)
  8 vault sentinels
  4 guardian serpents
  10 cane toads
  28 black mambas
  10 elephants
  12 naga magi
  12 yaktaurs
  A demonic crawler (D:15)
  16 komodo dragons
  A kobold demonologist (D:15)
  A hellwing (Swamp:4)
  7 rime drakes
  8 trolls
  A tengu conjurer (D:12)
  3 polar bears
  7 tyrant leeches
  A hornet (shapeshifter) (Vaults:1)
  A bloated husk (Swamp:4)
  Grinder (D:5)
  11 hornets
  15 slime creatures
  9 blink frogs
  A tarantella (shapeshifter) (Vaults:4)
  An ettin skeleton (Vaults:2)
  6 spriggans
  8 wraiths
  A water elemental (D:14)
  2 air elementals (Elf:1)
  Sigmund (D:5)
  A basilisk (shapeshifter) (D:15)
  A redback (Vaults:4)
  A fire elemental (Elf:1)
  8 wyverns
  A vampire mosquito (Swamp:1)
  3 basilisks
  14 yaks
  A yaktaur simulacrum (Vaults:3)
  A steam dragon (shapeshifter) (Vaults:3)
  3 chaos spawn (Swamp:4)
  Menkaure (D:7)
  3 wargs
  22 soldier ants
  38 nagas
  13 swamp worms
  A soldier ant (shapeshifter) (D:14)
  An acid dragon (Vaults:2)
  16 water moccasins
  3 nameless horrors
  25 orc warriors
  2 ice beasts
  5 black bears
  4 phantoms
  4 sky beasts
  3 boggarts (Vaults:1)
  32 wolves
  An eye of draining (D:12)
  25 ogres
  2 centaurs
  17 big kobolds
  An earth elemental (Elf:1)
  15 bullfrogs
  A gnoll sergeant (D:7)
  5 scorpions
  5 killer bees
  15 wights
  2 howler monkeys
  An electric eel (Snake:2)
  6 bullfrog zombies
  2 human simulacra
  A quasit (D:9)
  6 hounds
  8 jellies
  Crazy Yiuf (D:2)
  3 centaur skeletons
  12 orc priests
  5 iguanas
  13 orc wizards
  2 hell rats (Lair:6)
  23 worker ants
  3 worker ant zombies
  5 adders
  8 gnolls
  A river rat (D:3)
  2 shadow imps
  An ufetubus (D:8)
  4 oozes
  An adder skeleton (D:4)
  2 adder zombies
  6 worms
  The ghost of Vuthetz the Sneak, a weakling FoDe (D:13)
  6 leopard geckos
  73 orcs
  4 bats
  5 giant cockroaches
  8 goblins
  6 hobgoblins
  9 jackals
  10 quokkas
  6 ball pythons
  8 frilled lizards
  A jackal skeleton (D:4)
  28 kobolds
  A quokka skeleton (D:4)
  13 rats
1080 creatures vanquished.

Vanquished Creatures (collateral kills)
  Jorgrun (Orc:1)
  Agnes (Snake:1)
  Donald (Snake:2)
  Roxanne (Swamp:4)
  6 nagarajas
  The ghost of axecop the Peltast, an adept DsAK of Lugonu (Snake:2)
  Aizul (Snake:2)
  3 vault wardens
  3 entropy weavers
  2 bunyips
  The ghost of Jabob the Grappler, a journeyman TrMo of Elyvilon (Lair:6)
  An eleionoma (Swamp:2)
  A fire dragon (Vaults:2)
  Josephine (D:11)
  A yaktaur captain (Vaults:1)
  9 naga warriors
  7 hydras
  A catoblepas (Lair:5)
  A boulder beetle (D:14)
  A merfolk avatar (Lair:6)
  A dancing weapon (Elf:1)
  An alligator (Swamp:4)
  A deep troll shaman (Vaults:1)
  6 ogre magi
  13 two-headed ogres
  3 deep elf knights
  7 naga sharpshooters
  2 soul eaters
  A skeletal warrior (Vaults:2)
  A salamander mystic (Snake:4)
  2 sea snakes (Snake:2)
  6 goliath frogs
  3 spriggan druids
  A deep elf archer (Elf:1)
  4 naga ritualists
  4 swamp dragons
  A deep troll (Vaults:1)
  3 wizards
  3 bog bodies
  2 harpies (Lair:6)
  2 orc knights
  An ironbrand convoker (Vaults:1)
  A mana viper (Snake:1)
  3 will-o-the-wisps
  7 deep elf magi
  6 ugly things
  3 orc sorcerers
  A manticore (Lair:6)
  3 cyclopes
  8 salamanders
  6 elephants
  3 guardian serpents
  10 naga magi
  6 black mambas
  2 orange demons (Swamp:4)
  2 cane toads
  5 rime drakes
  11 yaktaurs
  7 komodo dragons
  A kobold demonologist (D:13)
  A polar bear (Lair:6)
  3 trolls
  3 tyrant leeches
  A bloated husk (Swamp:3)
  Prince Ribbit (D:7)
  A hornet (Swamp:3)
  5 blink frogs
  5 slime creatures
  A shadow (D:14)
  4 spriggans (Swamp:3)
  A yak (Lair:6)
  6 basilisks
  7 wyverns
  A human (shapeshifter) (D:15)
  A neqoxec (Swamp:4)
  A vampire mosquito (Swamp:1)
  30 nagas
  A warg (Orc:1)
  An acid dragon (Vaults:2)
  3 soldier ants (D:12)
  6 swamp worms
  5 water moccasins
  A nameless horror (D:7)
  A hell hound (Lair:6)
  A swamp drake (Swamp:1)
  A black bear (D:10)
  10 orc warriors
  A sky beast (D:8)
  An ice beast (D:14)
  A black bear (shapeshifter) (Vaults:2)
  5 wolves
  23 ogres
  2 boggarts (Vaults:1)
  A gnoll sergeant (D:7)
  2 bullfrogs
  4 wights
  4 electric eels
  A quasit (D:10)
  A centaur skeleton (D:7)
  4 orc wizards
  3 hounds (D:7)
  3 orc priests
  A gnoll shaman (D:7)
  4 hell rats (Lair:6)
  A worker ant (D:12)
  An adder (D:11)
  17 gnolls (D:7)
  An adder zombie (D:9)
  2 leopard geckos (D:7)
  25 orcs
  A giant cockroach (D:7)
  4 jackals (D:7)
  2 kobolds (D:13)
414 creatures vanquished.

Vanquished Creatures (others)
  A deep elf knight (Vaults:2)
  A spriggan druid (Swamp:2)
  An orc sorcerer (Swamp:4)
  A tyrant leech (Swamp:2)
  A bloated husk (Swamp:2)
  2 ogres (Vaults:4)
  An orc wizard (Orc:1)
  36 foxfires
  59 fungi
  109 plants
  12 withered plants
224 creatures vanquished.

Grand Total: 1718 creatures vanquished

Notes
Turn   | Place    | Note
-------+----------+-------------------------------------------
     0 | D:1      | sizableburger the Naga Ice Elementalist began the quest for
                  | the Orb.
     0 | D:1      | Reached XP level 1. HP: 15/15 MP: 3/3
   268 | D:1      | Reached XP level 2. HP: 22/22 MP: 3/5
   865 | D:1      | Reached XP level 3. HP: 28/28 MP: 6/6
   869 | D:1      | Learned a level 3 spell: Frozen Ramparts
  2193 | D:2      | Reached XP level 4. HP: 36/36 MP: 4/8
  2344 | D:2      | Learned a level 3 spell: Ozocubu's Armour
  2348 | D:2      | Found a broken altar of Ashenzari.
  2765 | D:2      | Found a runed translucent door.
  2766 | D:2      | Noticed Crazy Yiuf
  2774 | D:2      | Killed Crazy Yiuf
  3117 | D:3      | Reached skill level 1 in Fighting
  3122 | D:3      | Reached skill level 5 in Ice Magic
  3122 | D:3      | Reached XP level 5. HP: 44/44 MP: 3/9
  3177 | D:3      | Reached skill level 1 in Staves
  3555 | D:3      | Found a glowing drain.
  3559 | Sewer    | Entered a sewer
  4107 | Sewer    | Noticed a big kobold
  4117 | Sewer    | Killed a big kobold
  4118 | Sewer    | Reached XP level 6. HP: 55/55 MP: 1/10
  4591 | D:3      | Learned a level 4 spell: Summon Ice Beast
  4665 | D:3      | Reached XP level 7. HP: 60/62 MP: 4/11
  5132 | D:4      | Reached skill level 1 in Summonings
  5468 | D:4      | Found a stormy altar of Qazlal.
  5677 | D:4      | Found a blossoming altar of Fedhas.
  5678 | D:4      | Found an ancient bone altar of Kikubaaqudgha.
  5697 | D:4      | Became a worshipper of Kikubaaqudgha
  5891 | D:4      | Found a hide-covered altar of Uskayaw.
  6756 | D:4      | Reached XP level 8. HP: 67/72 MP: 2/13
  7063 | D:5      | Entered Level 5 of the Dungeon
  7223 | D:5      | Noticed Grinder
  7236 | D:5      | Killed Grinder
  7327 | D:5      | Noticed Sigmund
  7338 | D:5      | Killed Sigmund
  7468 | D:5      | Reached skill level 5 in Fighting
  7636 | D:5      | Found a sacrificial altar of Ru.
  7900 | D:5      | Reached skill level 5 in Staves
  8435 | D:5      | Found a radiant altar of Vehumet.
  8747 | D:6      | Reached XP level 9. HP: 77/81 MP: 8/15
  9094 | D:6      | Found a snail-covered altar of Cheibriados.
  9218 | D:6      | Found a staircase to the Ecumenical Temple.
 10081 | D:7      | Reached * piety under Kikubaaqudgha
 10081 | D:7      | Identified Kikubaaqudgha's Papyrus of Darkness
                  | (Kikubaaqudgha gifted it to you on level 7 of the Dungeon)
 10081 | D:7      | Received a gift from Kikubaaqudgha
 10270 | D:7      | Noticed Prince Ribbit
 10281 | D:7      | Killed Prince Ribbit
 10282 | D:7      | Reached skill level 5 in Summonings
 10282 | D:7      | Reached skill level 1 in Necromancy
 10418 | D:7      | Learned a level 2 spell: Corpse Rot
 10517 | D:7      | Noticed Menkaure
 10640 | D:7      | Killed Menkaure
 11532 | D:7      | Reached ** piety under Kikubaaqudgha
 11621 | D:7      | Reached skill level 1 in Shields
 11965 | D:7      | Found Dup Xall's Antique Armour Emporium.
 12196 | D:7      | Reached XP level 10. HP: 81/88 MP: 16/16
 12590 | D:7      | Found Ixkaazit's Weapon Emporium.
 12937 | D:8      | Found a shadowy altar of Dithmenos.
 12962 | D:8      | Found a shimmering blue altar of Sif Muna.
 13900 | D:8      | Found a runed translucent gate.
 13901 | D:8      | Found a runed translucent gate.
 13902 | D:8      | Found a runed translucent gate.
 13905 | D:8      | Identified the cursed +3 short sword of Naubreum {venom,
                  | Will+ Int+3}
 13908 | D:8      | Noticed Kryptos's ghost (novice TrFi)
 13920 | D:8      | Reached skill level 5 in Spellcasting
 13925 | D:8      | Reached *** piety under Kikubaaqudgha
 13925 | D:8      | Identified Kikubaaqudgha's Tome of Unholy Secrets
                  | (Kikubaaqudgha gifted it to you on level 8 of the Dungeon)
 13925 | D:8      | Received a gift from Kikubaaqudgha
 13951 | D:8      | Killed Kryptos's ghost
 14235 | D:8      | Found a sparkling altar of Nemelex Xobeh.
 14238 | D:8      | Found a glowing silver altar of Zin.
 14426 | D:8      | Found an opulent altar of Gozag.
 14497 | D:8      | Found a stormy altar of Qazlal.
 14770 | D:9      | Noticed a two-headed ogre
 14831 | D:9      | Reached skill level 1 in Short Blades
 15106 | D:9      | Found a transporter.
 15151 | D:9      | Noticed deafmute's ghost (novice DEFE)
 15165 | D:9      | Found a transporter.
 15343 | D:9      | Noticed a two-headed ogre
 15351 | D:9      | Killed a two-headed ogre
 15352 | D:9      | Reached XP level 11. HP: 69/96 MP: 5/20
 15356 | D:9      | Killed a two-headed ogre
 15652 | D:9      | Found a burning altar of Makhleb.
 15782 | D:9      | Found a basalt altar of Yredelemnul.
 16264 | D:9      | Found a staircase to the Orcish Mines.
 16602 | D:10     | Entered Level 10 of the Dungeon
 16611 | D:10     | Reached **** piety under Kikubaaqudgha
 16650 | D:10     | Learned a level 4 spell: Cause Fear
 16848 | D:10     | Reached skill level 1 in Hexes
 17034 | D:10     | Found a staircase to the Lair.
 17289 | D:10     | Identified 3 scrolls of acquirement
 17294 | D:10     | Acquired the +1 pair of gloves "Heptoite" {Int+5}
 17307 | D:10     | Acquired 990 gold pieces
 17309 | D:10     | Acquired the +3 barding "Miecveb" {rN+ Str-3 Int+4}
 17471 | D:10     | Found an ornate altar of the Wu Jian Council.
 17884 | Lair:1   | Entered Level 1 of the Lair of Beasts
 17897 | Lair:1   | Noticed a six-headed hydra
 17907 | Lair:1   | Killed a six-headed hydra
 17908 | Lair:1   | Reached skill level 5 in Necromancy
 18160 | Lair:1   | Found a runed translucent gate.
 18161 | Lair:1   | Found a runed translucent gate.
 18161 | Lair:1   | Found a runed translucent gate.
 18231 | Lair:1   | Noticed Xaxe's ghost (novice GnWr)
 18268 | Lair:1   | Killed Xaxe's ghost
 18556 | Lair:1   | Noticed Harold
 18566 | Lair:1   | Killed Harold
 18567 | Lair:1   | Reached skill level 1 in Armour
 19346 | Lair:2   | Learned a level 2 spell: Ensorcelled Hibernation
 19381 | Lair:2   | Found a staircase to the Snake Pit.
 19408 | Lair:2   | Got a spiked leather armour
 19415 | Lair:2   | Identified the +2 leather armour "Jocw" {rN+ rCorr Slay+3}
                  | (You found it on level 2 of the Lair of Beasts)
 19498 | Lair:2   | Reached skill level 5 in Short Blades
 19669 | Lair:2   | Found a staircase to the Swamp.
 19715 | Lair:2   | Reached skill level 4 in Stealth
 19715 | Lair:2   | Reached XP level 12. HP: 76/105 MP: 12/21
 19954 | Lair:2   | Noticed Fannar
 20033 | Lair:2   | Killed Fannar
 20034 | Lair:2   | Reached skill level 5 in Stealth
 20034 | Lair:2   | Reached skill level 1 in Evocations
 20272 | Lair:2   | Noticed a five-headed hydra
 20285 | Lair:2   | Killed a five-headed hydra
 20578 | Lair:2   | Reached skill level 6 in Stealth
 21041 | Lair:2   | Learned a level 5 spell: Summon Mana Viper
 21084 | Lair:3   | Noticed a six-headed hydra
 21095 | Lair:3   | Killed a six-headed hydra
 21461 | Lair:3   | Noticed a four-headed hydra
 21483 | Lair:3   | Killed a four-headed hydra
 21677 | Lair:3   | Noticed an eight-headed hydra
 21693 | Lair:3   | Killed an eight-headed hydra
 21694 | Lair:3   | Reached skill level 5 in Hexes
 22668 | Lair:4   | Gained mutation: You can use your snake-like lower body to
                  | constrict enemies. [Naga growth]
 22668 | Lair:4   | Reached XP level 13. HP: 44/111 MP: 13/24
 22672 | Lair:4   | Reached ***** piety under Kikubaaqudgha
 23067 | Lair:4   | Reached skill level 5 in Evocations
 24166 | Lair:5   | Learned a level 6 spell: Simulacrum
 24578 | Lair:5   | Found a staircase to the Slime Pits.
 25074 | Lair:6   | Entered Level 6 of the Lair of Beasts
 25914 | Lair:6   | Paralysed by a hornet for 3 turns
 26463 | Lair:6   | Reached XP level 14. HP: 93/124 MP: 20/26
 26912 | Lair:6   | Reached ****** piety under Kikubaaqudgha
 26950 | Lair:6   | Noticed Urug
 26967 | Lair:6   | Killed Urug
 27178 | Lair:6   | Found the +10 Black Knight's barding {ponderous, rPois rN+}
 27837 | Lair:6   | Found a runed translucent door.
 27838 | Lair:6   | Noticed Jabob's ghost (journeyman TrMo)
 28008 | Lair:6   | Reached skill level 10 in Short Blades
 28190 | Lair:6   | Killed Jabob's ghost
 29186 | D:11     | Noticed Josephine
 29197 | D:11     | Killed Josephine
 30703 | D:12     | Noticed an entropy weaver
 30715 | D:12     | Killed an entropy weaver
 30769 | D:12     | Reached skill level 7 in Stealth
 30829 | D:12     | Noticed an entropy weaver
 30840 | D:12     | Killed an entropy weaver
 31975 | Orc:1    | Entered Level 1 of the Orcish Mines
 32194 | Orc:2    | Entered Level 2 of the Orcish Mines
 32194 | Orc:2    | Found a staircase to the Elven Halls.
 32360 | Orc:2    | Found a roughly hewn altar of Beogh.
 32423 | Orc:2    | Reached skill level 8 in Stealth
 32516 | Orc:2    | Reached XP level 15. HP: 132/132 MP: 11/27
 32689 | Orc:2    | Reached skill level 9 in Stealth
 32701 | Orc:2    | Reached skill level 5 in Armour
 32976 | Orc:2    | Found Ufubleux's Weapon Shop.
 32976 | Orc:2    | Found Paen's Antique Weapon Shoppe.
 32981 | Orc:2    | Found Hosoxt's Magic Scroll Shoppe.
 32981 | Orc:2    | Found Koreyfar's Book Boutique.
 33035 | Orc:2    | Bought a scroll of teleportation for 39 gold pieces
 33035 | Orc:2    | Bought a scroll of enchant armour for 97 gold pieces
 33038 | Orc:2    | Bought a manual of Stealth for 1876 gold pieces
 33220 | Orc:1    | Noticed an orc warlord
 33605 | Orc:2    | Found Ehoceh's Antique Armour Shop.
 33858 | Orc:1    | Noticed Jorgrun
 34032 | Orc:1    | Killed Jorgrun
 34033 | Orc:1    | Reached skill level 10 in Stealth
 34035 | Orc:1    | Killed an orc warlord
 34202 | Orc:1    | Found a roughly hewn altar of Beogh.
 35355 | D:13     | Reached skill level 11 in Stealth
 35597 | D:13     | Found a runed translucent gate.
 35597 | D:13     | Noticed Vuthetz's ghost (weakling FoDe)
 35598 | D:13     | Found a runed translucent gate.
 35599 | D:13     | Found a runed translucent gate.
 35601 | D:13     | Identified the +8 halberd of the Scorching Ancients {flame,
                  | Int+2}
 35601 | D:13     | Identified the +7 plate armour of the Vaults {rF++ rN+
                  | rCorr Int-3}
 35606 | D:13     | Found a roughly hewn altar of Beogh.
 35646 | D:13     | Killed Vuthetz's ghost
 35708 | D:13     | Learned a level 2 spell: Sublimation of Blood
 35816 | D:13     | Reached skill level 10 in Evocations
 36231 | D:14     | Reached skill level 5 in Dodging
 36801 | D:14     | Reached skill level 12 in Stealth
 37940 | D:14     | Found a gate to the Vaults.
 38012 | D:15     | Entered Level 15 of the Dungeon
 38607 | D:15     | Reached skill level 13 in Stealth
 39202 | D:15     | Reached XP level 16. HP: 140/140 MP: 22/28
 39412 | D:15     | Reached skill level 14 in Stealth
 39904 | D:15     | Found a staircase to the Depths.
 40581 | Snake:1  | Entered Level 1 of the Snake Pit
 41003 | Snake:1  | Noticed Agnes
 41024 | Snake:1  | Reached skill level 15 in Stealth
 41024 | Snake:1  | Killed Agnes
 41925 | Snake:1  | Noticed a nagaraja
 41936 | Snake:1  | Killed a nagaraja
 42742 | Snake:2  | Noticed a nagaraja
 42766 | Snake:2  | Noticed a nagaraja
 42781 | Snake:2  | Killed a nagaraja
 42939 | Snake:2  | Noticed a nagaraja
 42950 | Snake:2  | Killed a nagaraja
 42951 | Snake:2  | Reached skill level 16 in Stealth
 43223 | Snake:2  | Killed a nagaraja
 43322 | Snake:2  | Noticed Donald
 43349 | Snake:2  | Killed Donald
 44148 | Snake:2  | Noticed Aizul
 44165 | Snake:2  | Killed Aizul
 44494 | Snake:2  | Noticed a nagaraja
 44498 | Snake:2  | Killed a nagaraja
 44598 | Snake:2  | Found a runed translucent gate.
 44598 | Snake:2  | Found a runed translucent gate.
 44598 | Snake:2  | Found a runed translucent gate.
 44603 | Snake:2  | Noticed axecop's ghost (adept DsAK)
 44603 | Snake:2  | Noticed Seits's ghost (adept MiFi)
 44913 | Snake:2  | Killed axecop's ghost
 44914 | Snake:2  | Reached skill level 17 in Stealth
 44914 | Snake:2  | Reached XP level 17. HP: 86/151 MP: 1/30
 44928 | Snake:2  | Killed Seits's ghost
 45070 | Snake:2  | Got a distressingly furry helmet
 45081 | Snake:2  | Identified the +2 helmet "Jadet" {Will++ Int+3 Dex+4} (You
                  | found it on level 2 of the Snake Pit)
 45123 | Snake:3  | Reached skill level 5 in Shields
 45582 | Snake:3  | Acquired a +8 quick blade
 45585 | Snake:3  | Identified a +9 quick blade of pain (a +8 quick blade
                  | bloodied by Kikubaaqudgha)
 45585 | Snake:3  | Received a gift from Kikubaaqudgha
 45965 | Snake:3  | HP: 5/152 [salamander/+3 trident of protection (12)]
 45972 | Snake:3  | Reached skill level 10 in Fighting
 45991 | Snake:3  | Reached skill level 18 in Stealth
 46475 | Snake:3  | Found a runed translucent door.
 46479 | Snake:3  | Noticed jlumianski's ghost (adept PaFi)
 46623 | Swamp:1  | Entered Level 1 of the Swamp
 48835 | Swamp:2  | Reached skill level 10 in Necromancy
 49215 | Swamp:2  | Noticed a tentacled monstrosity
 49226 | Swamp:2  | Killed a tentacled monstrosity
 49328 | Swamp:2  | Reached skill level 19 in Stealth
 51129 | Elf:1    | Entered Level 1 of the Elven Halls
 51270 | Elf:1    | Found Rifaos's Magic Scroll Boutique.
 51452 | Elf:1    | Bought a scroll of enchant armour for 112 gold pieces
 51452 | Elf:1    | Bought a scroll of magic mapping for 52 gold pieces
 51452 | Elf:1    | Bought 2 scrolls of enchant armour for 225 gold pieces
 51452 | Elf:1    | Bought a scroll of blinking for 112 gold pieces
 52057 | Elf:1    | Reached XP level 18. HP: 163/163 MP: 31/31
 52343 | Elf:1    | Reached skill level 20 in Stealth
 53461 | Snake:4  | Entered Level 4 of the Snake Pit
 54925 | Snake:4  | Found a hide-covered altar of Uskayaw.
 55859 | Snake:4  | Reached skill level 21 in Stealth
 56075 | Snake:4  | Got a serpentine rune of Zot
 56237 | Snake:4  | Noticed Bai Suzhen
 56238 | Snake:4  | Killed Bai Suzhen
 56531 | Swamp:4  | Entered Level 4 of the Swamp
 56756 | Swamp:4  | Identified Roxanne's Disquisition on the Mountains
 56756 | Swamp:4  | Noticed Roxanne
 56803 | Swamp:4  | Killed Roxanne
 57038 | Swamp:4  | Identified the +1 robe of Midsummer {Dex+2} (You found it
                  | on level 4 of the Swamp)
 58536 | Swamp:4  | Identified the +5 plate armour of Immorality {+Inv rF-
                  | Dex+6}
 58800 | Swamp:4  | Got a decaying rune of Zot
 58991 | Swamp:4  | Reached XP level 19. HP: 125/175 MP: 26/32
 59020 | Swamp:4  | Noticed Mara
 59271 | Swamp:4  | Noticed Louise
 59288 | Swamp:4  | Killed Louise
 59817 | Vaults:1 | Entered Level 1 of the Vaults
 63328 | Vaults:2 | Found a staircase to the Crypt.
 64281 | Vaults:2 | Learned a level 4 spell: Animate Dead
 64451 | Vaults:2 | Learned a level 4 spell: Dispel Undead
 66067 | Vaults:3 | Reached XP level 20. HP: 183/183 MP: 18/33
 68231 | Vaults:4 | Reached skill level 10 in Armour
 68989 | Vaults:4 | Killed from afar by a lich

Illustrated notes

Levels and vault maps discovered:
D:1:      amcnicky_arrival_choice, layout_basic, minmay_pentomino_r2
D:2:      wad_lake_hut, layout_basic, ashenzari_conservatory_becter,
          uniq_crazy_yiuf_cottage
D:3:      layout_basic, gup_sewer_entry_bowl, minmay_misc_feat_plants
D:4:      layout_basic, grunt_temple_overflow_growth_and_decay,
          kennysheep_little_box, general_overflow_altar
D:5:      layout_loops_corners, lemuel_coloured_pillars_altar,
          lemuel_round_altar, serial_bayou_pond_c, uniq_sigmund, uniq_grinder
D:6:      layout_loops_corners, cheibriados_altar_1, minmay_temple_entry_glass
D:7:      layout_cave_pools, serial_shops,
          nicolae_shop_temple_entry_statues_fountains, serial_gnoll_camp,
          gnoll_camp_huts_moat, gnoll_camp_mini_hut, gnoll_camp_mini_shop,
          gnoll_camp_mini_hut, gnoll_camp_mini_loothouse, uniq_prince_ribbit1,
          uniq_menkaure
D:8:      layout_loops_ring, grunt_temple_overflow_open,
          gammafunk_ghost_nasty_kobolds, nicolae_qazlal_eye_of_the_storm
D:9:      layout_basic, makhleb_heckhound_becter, marbit_many_paths,
          david_orc_4, gammafunk_ghost_stat_death, st_stairs_11
D:10:     layout_basic, due_lair_maze_entry_diamond, basic_altar
D:11:     layout_layer_cave, uniq_josephine
D:12:     layout_basic, minivault_29
D:13:     layout_loops_ring, biasface_ghost_orc_armoury, kennysheep_small_circle
D:14:     layout_long_grid, david_vaults_1, kennysheep_crisscross
D:15:     grunt_enter_depths_magical_seal, layout_gridville,
          minmay_misc_feat_rugged, worms_lemuel
Lair:1:   layout_regular_city, ebering_ghost_rock_garden, uniq_harold
Lair:2:   layout_chaotic_city, swamp_mist, dummy_snake_entry, uniq_fannar
Lair:3:   layout_regular_city, chequers_serial_rivers_micro_d,
          beast_lair_carwin_1
Lair:4:   layout_hall_layers, grunt_megastairs_5
Lair:5:   layout_cave_shapes, minmay_slime_entry_pillars, serial_bayou_shore_a
Lair:6:   gammafunk_lair_ancient_temple, layout_cave_shapes,
          ebering_ghost_inner_flame, special_room [special_room_mythical_zoo],
          grunt_forest_large_clearings, lemuel_fruit_tree, uniq_urug
Swamp:1:  layout_basic_swamp, serial_swamp_ruin, evilmike_swamp_ruin_wall,
          evilmike_swamp_ruin_rubble_2, infiniplex_staircase_pool_2
Swamp:2:  layout_basic_swamp, infiniplex_staircase_pool,
          nicolae_swamp_baby_hydras
Swamp:3:  layout_falls_marsh, evilmike_swamp_ruin_house_3, swamp_pool2
Swamp:4:  nzn_swamp_witches_coven, layout_basic_swamp, uniq_mara, uniq_roxanne,
          uniq_louise
Snake:1:  layout_onion_interference, corexii_hall_statues_x, uniq_agnes
Snake:2:  layout_cave_shapes, gammafunk_ghost_cemetery, st_stairs_6,
          serial_bayou_lake_a, grunt_megastairs_4, uniq_aizul, uniq_donald
Snake:3:  layout_grid_maze, gammafunk_ghost_grave
Snake:4:  minmay_snake_end_coiled, layout_cave_town, basic_altar,
          uniq_bai_suzhen
Orc:1:    layout_caves, enter_volcano_1, amcnicky_altar_gilded, uniq_jorgrun
Orc:2:    st_orc_ogre_mass, layout_caves, serial_shops, shop, mines2_david
Elf:1:    eino_elf_arrival_the_gate, layout_onion_city, serial_shops, shop,
          evilmike_minifort, hangedman_elven_pyramids
Vaults:1: v_pattern_2, vaults_mumra_lcd, vaults_mumra_hex, vaults_dpeg_ring,
          nicolae_vaults_little_squares_3, nicolae_vaults_gold_heap,
          layout_vaults_omnigrid
Vaults:2: vaults_dpeg_cross, v_misc_15, v_misc_16, v_rooms_4,
          hangedman_vaults_unwind, minmay_crypt_entry_simple_sparse,
          st_spiral_rooms, ontoclasm_vaults_fault, nicolae_vaults_alarming,
          layout_vaults_chaotic_city
Vaults:3: nicolae_vaults_diagonal_hallway_7, dpeg_vaults_monster_row, v_misc_5,
          vaults_room_fours, st_smaller_cells, vaults_room_fours,
          ontoclasm_vaults_ring_square, nicolae_vaults_rhombus_6,
          nicolae_vaults_specimen_jars, vaults_standard_mumra_lines,
          grunt_vaults_hallway_long, vaults_dpeg_encased_lava,
          ontoclasm_vaults_ligature, layout_vaults_ring
Vaults:4: vaults_room_mumra_shop_pool, st_octagons_2, v_misc_14,
          nicolae_vaults_little_squares_6, v_misc_28,
          nicolae_vaults_sealed_display, v_misc_10, nicolae_vaults_little_ls,
          grunt_vaults_twisty, ontoclasm_vaults_twist, v_misc_3, v_misc_25,
          v_pattern_4, grunt_vaults_focal, layout_vaults_omnicross

Skill      XL: |  1  2  3  4  5  6  7  8  9 10 11 12 13 14 15 16 17 18 19 20 |
---------------+-------------------------------------------------------------+-----
Dodging        | 2 3 4 5 6 8 |  8.6
Spellcasting   | 3 4 6 7 8 9 |  9.8
Fighting       | 1 2 3 4 5 6 7 8 9 10 12 | 12.1
Ice Magic      | 5 6 7 8 9 |  9.2
Staves         | 2 4 5 6 7 |  7.7
Summonings     | 2 4 6 7 8 |  8.2
Necromancy     | 2 3 5 6 7 9 10 11 13 14 | 14.0
Shields        | 1 2 4 5 7 9 |  9.0
Short Blades   | 2 5 7 9 10 11 | 11.2
Hexes          | 4 5 6 7 8 |  8.0
Armour         | 2 3 4 5 6 8 10 | 10.3
Stealth        | 4 6 8 13 17 19 21 | 21.2
Evocations     | 4 6 9 10 | 10.9

Action                   |  1- 3 |  4- 6 |  7- 9 | 10-12 | 13-15 | 16-18 | 19-21 || total
-------------------------+-------+-------+-------+-------+-------+-------+-------++-------
Melee: Unarmed           |     3 |     3 |       |       |       |       |       ||     6
       Quarterstaff      |       |    48 |   185 |    97 |       |       |       ||   330
       Short sword       |       |       |       |   292 |   928 |   263 |       ||  1483
       Constrict         |       |       |       |       |   181 |   162 |   134 ||   477
       Quick blade       |       |       |       |       |       |   843 |   970 ||  1813
Throw: Throwing net      |       |     1 |       |       |       |       |       ||     1
 Cast: Freeze            |    44 |     7 |    14 |     8 |    14 |       |       ||    87
       Frozen Ramparts   |     2 |    27 |    44 |    68 |    88 |    46 |    25 ||   300
       Ozocubu's Armour  |       |    12 |    37 |    51 |   101 |    81 |    34 ||   316
       Summon Ice Beast  |       |       |    25 |    49 |   109 |   123 |    23 ||   329
       Ensorcelled Hiber |       |       |       |    20 |    15 |     5 |     2 ||    42
       Corpse Rot        |       |       |       |     2 |       |       |       ||     2
       Summon Mana Viper |       |       |       |     6 |    60 |   230 |    92 ||   388
       Cause Fear        |       |       |       |     1 |     3 |     1 |     7 ||    12
       Simulacrum        |       |       |       |       |     9 |    11 |     4 ||    24
       Sublimation of Bl |       |       |       |       |     3 |    21 |     1 ||    25
       Dispel Undead     |       |       |       |       |       |       |     8 ||     8
Invok: Receive Corpses   |       |       |       |     1 |     2 |     2 |     2 ||     7
       Brand Weapon With |       |       |       |       |       |     1 |       ||     1
 Abil: Spit Poison       |    16 |     1 |     6 |     6 |       |     1 |       ||    30
Evoke: Wand              |       |       |       |     3 |     6 |     3 |     6 ||    18
  Use: Scroll            |       |       |    21 |    15 |    14 |    17 |    11 ||    78
       Potion            |       |       |       |       |     5 |     7 |     4 ||    16
 Stab: Sleeping          |       |     1 |     6 |     8 |    13 |    29 |    23 ||    80
       Paralysed         |       |       |     1 |     1 |       |       |       ||     2
       Distracted        |       |       |       |     4 |    11 |    18 |    10 ||    43
Armor: Robe              |     3 |    19 |   102 |   109 |       |       |       ||   233
       Leather armour    |       |       |       |   102 |   558 |   144 |       ||   804
       Swamp dragon scal |       |       |       |       |       |   424 |   274 ||   698
Dodge: Dodged            |    16 |    29 |   141 |   177 |   335 |   297 |   171 ||  1166
Block: Buckler           |       |       |       |    69 |   219 |   265 |    95 ||   648
       Kite shield       |       |       |       |       |       |       |   139 ||   139
